 Dungeon Crawl Stone Soup version 0.20.0-9-g8272e65 (webtiles) character file.

193 Kriby the Chopper (level 5, -3/48 HPs)
             Began as a Hill Orc Fighter on June 3, 2017.
             Slain by a bullfrog (6 damage)
             ... on level 3 of the Dungeon.
             The game lasted 00:01:10 (2053 turns).

Kriby the Chopper (Hill Orc Fighter)                Turns: 2053, Time: 00:01:11

Health: -3/48      AC:  8    Str: 20    XL:     5   Next: 72%
Magic:  5/5        EV: 10    Int:  8    God:
Gold:   76         SH:  9    Dex: 10    Spells: 4/4 levels left

rFire    . . .     SeeInvis .   a - +0 war axe
rCold    . . .     Gourm    .   c - +0 shield
rNeg     . . .     Faith    .   b - +0 scale mail
rPois    .         Spirit   .   (no helmet)
rElec    .         Reflect  .   (no cloak)
rCorr    .         Harm     .   j - +0 pair of gloves (curse)
MR       .....                  (no boots)
Stlth    ..........             (no amulet)
Regen    0.2/turn               h - +3 ring of evasion
MPRegen  0.1/turn               (no ring)

@: no status effects
A: no striking features
a: no special abilities


You were on level 3 of the Dungeon.
You were not hungry.

You visited 1 branch of the dungeon, and saw 3 of its levels.

You collected 76 gold pieces.

Inventory:

Hand Weapons
 a - a +0 war axe (weapon)
Armour
 b - a +0 scale mail (worn)
 c - a +0 shield (worn)
 j - a cursed +0 pair of gloves (worn)
Jewellery
 h - a +3 ring of evasion (left hand)
Scrolls
 e - 4 scrolls of identify {unknown}
 g - a scroll of enchant weapon {unknown}
 i - a scroll of recharging {unknown}
 k - 2 scrolls of remove curse {unknown}
 t - a scroll of amnesia {unknown}
Potions
 d - a potion of might
 m - a potion of curing {unknown}
 n - 2 potions of agility {unknown}
 p - a potion of brilliance {unknown}
 q - a potion of degeneration {unknown}
 u - a potion of magic {unknown}
Books
 s - a book of Misfortune

   Spells                             Type                      Level
   a - Confusing Touch                Hexes                        1
   b - Confuse                        Hexes                        3
   c - Gell's Gravitas                Translocation                3
   d - Petrify                        Transmutation/Earth          4
   e - Metabolic Englaciation         Hexes/Ice                    5
   f - Yara's Violent Unravelling     Hexes/Transmutation          5
Comestibles
 f - 4 bread rations
 l - 2 meat rations
 o - 2 chunks of flesh
 r - a fruit


   Skills:
 + Level 5.1 Fighting
 * Level 6.4 Axes
 - Level 3.2 Armour
 - Level 3.2 Shields


You had 4 spell levels left.
You didn't know any spells.

Dungeon Overview and Level Annotations

Branches:
Dungeon (3/15)

Altars:
Cheibriados
Qazlal


Message History

A bullfrog is nearby!
You are too injured to fight recklessly!
A bullfrog is nearby!
The bullfrog hits you.
You completely miss the bullfrog.
The bullfrog is lightly wounded.
The bullfrog hits you but does no damage.
You block the bullfrog's attack.
You closely miss the bullfrog.
The bullfrog is lightly wounded.
The bullfrog barely misses you. The bullfrog hits you.
* * * LOW HITPOINT WARNING * * *
You closely miss the bullfrog. The bullfrog hits you.
* * * LOW HITPOINT WARNING * * *
You hit the bullfrog.
The bullfrog is lightly wounded.
The bullfrog hits you.
* * * LOW HITPOINT WARNING * * *
The bullfrog hits you.
You die...

#### ##.###'###........
.....#........#........
.....#........#........
.....#†.......#########
(...........###
......†.....#####
................#
.....#..........#
.....#@F........#
.................#
........>........#
.................#
...♣.............# ..
♣###..........# .
......#### #######


You could see a bullfrog.

Vanquished Creatures
  A sky beast (D:3)
  4 adders
  2 oozes (D:3)
  5 worms
  2 dart slugs (D:1)
  2 leopard geckos (D:1)
  2 giant cockroaches (D:3)
  4 goblins
  4 hobgoblins
  3 bats
  5 frilled lizards
  5 kobolds
  2 rats
41 creatures vanquished.

Notes
Turn   | Place    | Note
-------+----------+-------------------------------------------
     0 | D:1      | Kriby the Hill Orc Fighter began the quest for the Orb.
     0 | D:1      | Reached XP level 1. HP: 19/19 MP: 1/1
    63 | D:1      | Reached skill level 3 in Axes
   103 | D:1      | Reached XP level 2. HP: 10/27 MP: 2/2
   519 | D:1      | Found a snail-covered altar of Cheibriados.
   833 | D:2      | Reached skill level 4 in Axes
   833 | D:2      | Reached XP level 3. HP: 24/33 MP: 3/3
  1567 | D:3      | Reached XP level 4. HP: 39/40 MP: 4/4
  1587 | D:3      | Noticed a sky beast
  1588 | D:3      | Reached skill level 5 in Axes
  1603 | D:3      | Killed a sky beast
  1603 | D:3      | Reached skill level 6 in Axes
  1603 | D:3      | Reached XP level 5. HP: 38/47 MP: 5/5
  1697 | D:3      | Found a faded altar of an unknown god.
  1699 | D:3      | Found a stormy altar of Qazlal.
  1733 | D:3      | Reached skill level 5 in Fighting
  2053 | D:3      | Slain by a bullfrog

Skill      XL: |  1  2  3  4  5 |
---------------+----------------+-----
Axes           | 3 4 6 |  6.4
Fighting       | 4 5 |  5.1
Armour         | |  3.2
Shields        | |  3.2

Action                   |  1- 3 |  4- 6 || total
-------------------------+-------+-------++-------
Melee: War axe           |    80 |    84 ||   164
  Eat: Chunk             |     2 |     2 ||     4
Armor: Scale mail        |    25 |    43 ||    68
Dodge: Dodged            |    28 |    31 ||    59
Block: Shield            |    40 |    37 ||    77
